 Dungeon Crawl Stone Soup version 0.25.0-26-g0c896c7088 (webtiles) character file.

Game seed: 4476334873549571607

134381 Apogee the Brawler (level 16, -7/165 HPs)
             Began as a Troll Monk on July 3, 2020.
             Was the Champion of Okawaru.
             Mangled by a merfolk siren
             ... wielding a +0 spear
              (9 damage)
             ... on level 1 of the Shoals.
             The game lasted 01:19:44 (26231 turns).

Apogee the Brawler (Troll Monk)                    Turns: 26231, Time: 01:19:44

Health: -7/165     AC: 11    Str: 32    XL:     16   Next: 62%
Magic:  21/21      EV: 20    Int: 12    God:    Okawaru [******]
Gold:   2971       SH:  0    Dex: 26    Spells: 22/23 levels left

rFire    + . .     SeeInvis +     - Unarmed
rCold    + + .     Gourm    +   (no shield)
rNeg     + . .     Faith    .   T - +2 robe of the Unseen Realm {rN+ Int+4 Dex+8}
rPois    .         Spirit   .   H - +2 hat {MR+}
rElec    .         Reflect  .   B - +0 cloak of Dice, Bag, and Bottle {rC+ Str+4 SInv}
rCorr    .         Harm     .   (gloves unavailable)
MR       ++...                  (boots unavailable)
Stlth    +.........             M - amulet of regeneration
HPRegen  1.17/turn              L - +4 ring of slaying
MPRegen  0.17/turn              P - ring "Quar" {rF+ rC+ Str-2 Dex+4 SInv}

@: mesmerised, hasted, glowing, very quick
A: large, unfitting armour, claws 3, agile 1, blurry vision 1, clever 1, fast
metabolism 3, gourmand, regeneration 1, shaggy fur 1, strong 1, tough skin 3,
MP-powered wands
a: Heroism, Finesse, Renounce Religion


You were on level 1 of the Shoals.
You worshipped Okawaru.
Okawaru was exalted by your worship.
You were full.

You visited 5 branches of the dungeon, and saw 25 of its levels.
You visited the Abyss 1 time.
You also visited: Bailey, Ice Cave and Volcano.

You collected 3164 gold pieces.
You spent 193 gold pieces at shops.

Inventory:

Hand Weapons
 a - a +3 dagger
Missiles
 r - 3 datura-tipped darts
 y - 147 poisoned darts (quivered)
 F - 16 large rocks
 G - 6 curare-tipped darts
 J - 13 javelins
Armour
 B - the +0 cloak of Dice, Bag, and Bottle (worn) {rC+ Str+4 SInv}
   (Okawaru gifted it to you on level 5 of the Lair of Beasts)

   It affects your strength (+4).
   It protects you from cold.
   It lets you see invisible.
 D - the +1 tower shield "Zagikaid" {-Cast rCorr Str+2}
   (Okawaru gifted it to you on level 4 of the Abyss)

   It affects your strength (+2).
   It prevents spellcasting.
   It provides partial protection from all sources of acid and corrosion.
 H - a +2 hat of magic resistance (worn)
 T - the +2 robe of the Unseen Realm (worn) {rN+ Int+4 Dex+8}
   (You acquired it on level 12 of the Dungeon)

   It affects your intelligence (+4).
   It affects your dexterity (+8).
   It protects you from negative energy.
Jewellery
 d - an uncursed ring of protection from cold
 e - an uncursed ring of protection from fire
 l - a +6 ring of dexterity
 m - an uncursed ring of stealth
 n - an uncursed ring of see invisible
 o - an uncursed ring of resist corrosion
 s - an uncursed ring of protection from fire
 K - the ring of Robustness {AC+8}
   (You found it in an ice cave)

   [ring of protection]

   It affects your AC (+8).
 L - a +4 ring of slaying (left claw)
 M - an amulet of regeneration (around neck)
 P - the ring "Quar" (right claw) {rF+ rC+ Str-2 Dex+4 SInv}
   (You found it in an ice cave)

   [ring of protection from fire]

   It affects your strength (-2).
   It affects your dexterity (+4).
   It protects you from fire.
   It protects you from cold.
   It lets you see invisible.
Wands
 w - a wand of random effects (32)
 x - a wand of iceblast (21)
 C - a wand of digging (2)
 E - a wand of flame (25)
 I - a wand of paralysis (5)
Scrolls
 h - a scroll of fear
 i - 12 scrolls of identify
 j - 2 scrolls of blinking
 p - a scroll of magic mapping
 q - 12 scrolls of teleportation
 t - 14 scrolls of remove curse
 v - a scroll of summoning
 V - a scroll of amnesia
 W - 2 scrolls of enchant armour
 Z - 3 scrolls of enchant weapon
Potions
 c - 2 potions of resistance
 g - 11 potions of flight
 k - 9 potions of curing
 u - 4 potions of magic
 z - a potion of ambrosia
 A - a potion of berserk rage {unknown}
 Q - 2 potions of stabbing
 S - 3 potions of invisibility
 U - 3 potions of haste
 X - a potion of brilliance
Comestibles
 b - 32 rations


   Skills:
 - Level 12.2 Fighting
 + Level 4.2 Throwing
 - Level 10.8 Dodging
 - Level 1.0 Stealth
 * Level 10.8 Shields
 - Level 16.6 Unarmed Combat
 - Level 4.0 Spellcasting
 - Level 4.0 Translocations
 - Level 6.0 Invocations


You had 22 spell levels left.
You knew the following spells:

 Your Spells              Type           Power        Failure   Level  Hunger
a - Apportation           Tloc           ##....       4%          1    #......

Your spell library contained the following spells:

 Spells                   Type           Power        Failure   Level  Hunger
 Animate Skeleton         Necr           N/A          22%         1    #......
 Corona                   Hex            #......      22%         1    #......
 Magic Dart               Conj           #...         22%         1    #......
 Summon Small Mammal      Summ           #...         22%         1    #......
 Poisonous Vapours        Pois/Air       #.....       32%         2    ##.....
 Searing Ray              Conj           #.....       32%         2    ##.....
 Conjure Flame            Conj/Fire      #.......     54%         3    ###....
 Dazzling Flash           Conj/Hex       #.....       54%         3    ###....
 Mephitic Cloud           Conj/Pois/Air  #.......     54%         3    ###....
 Iskenderun's Mystic Bla  Conj/Tloc      #.......     67%         4    #####..
 Fulminant Prism          Conj/Hex       #.........   91%         4    #####..
 Freezing Cloud           Conj/Ice/Air   #.........   100%        6    #######
 Ring of Flames           Chrm/Fire      #.........   100%        7    #######


Dungeon Overview and Level Annotations

Branches:
Dungeon (15/15)            Temple (1/1) D:6            Lair (6/6) D:8
 Shoals (1/4) Lair:4        Snake (0/4) Lair:2        Slime (0/5) Lair:5
    Orc (2/2) D:9             Elf (0/3) Orc:2        Vaults (0/5) D:13
 Depths (0/5) D:15         Bailey (visited)           IceCv (visited)
Volcano (visited)

Altars:
Ashenzari
Cheibriados
Dithmenos
Elyvilon
Fedhas
Gozag
Hepliaklqana
Kikubaaqudgha
Makhleb
Nemelex Xobeh
Okawaru
Qazlal
Ru
Sif Muna
Trog
Uskayaw
Vehumet
Wu Jian
Xom
Yredelemnul
Zin
The Shining One

Shops:
D:5 =   D:6 =!!   D:14 }   Orc:2 [*[%[

Portals:
Trove: D:14 (give 2 scrolls of acquirement)

Annotations:
D:4 2 transporters, Kono's ghost, novice GrFi
D:8 exclusion: yak
Lair:5 exclusion: oklob plant
Orc:2 1 runed translucent door, Dirian's ghost, journeyman MiFi


Innate Abilities, Weirdness & Mutations

You are too large for most types of armour.
You have claws for hands.
Your metabolism is lightning-fast.
You like to eat raw meat.
Your natural rate of healing is unusually fast.
You are covered in fur. (AC +1)
You have extremely tough skin. (AC +3)
You are agile. (Dex +2)
Scrolls take you a little longer to read.
Your mind is acute. (Int +2)
Your muscles are strong. (Str +2)
You expend magic power (3 MP) to strengthen your wands.


Message History

The merfolk siren chants its luring song.
The tentacle closely misses you.
Okay, then.
Really read with blurry vision while enemies are nearby? [Y]es or [N]o only, please.
Really read with blurry vision while enemies are nearby? [Y]es or [N]o only, please.
Really read with blurry vision while enemies are nearby?
Okay, then.
Unknown command.
You completely miss the tentacle. You claw the tentacle!
The tentacle is moderately wounded.
A tentacle segment bursts forth from the water. x2
The tentacle completely misses you.
You scratch the tentacle but do no damage.
The tentacle is moderately wounded.
The tentacle slaps you but does no damage.
The tentacle closely misses you.
The merfolk siren hits you from afar with a +0 spear!
You die...

≈≈≈≈≈≈≈≈≈≈≈≈≈≈≈
≈≈≈≈≈≈≈≈≈≈≈≈≈≈≈≈
≈≈≈≈≈≈≈≈≈≈≈≈≈≈≈≈≈
≈≈≈≈≈≈≈≈≈≈≈≈≈≈≈≈≈≈
≈≈≈≈X≈≈≈.≈≈≈≈≈≈≈≈≈
≈≈≈≈≈≈m*│.≈≈≈≈≈≈≈≈
≈≈≈≈≈≈)ww.≈≈≈≈≈≈≈≈
≈≈≈≈≈≈.@)≈≈≈..≈≈≈≈
≈≈≈≈≈.........≈≈≈≈
≈≈≈≈.....%.....≈≈≈
≈≈≈.....##.....≈≈≈≈
≈≈.....###......≈≈≈≈
≈≈.....###......≈≈≈≈
≈≈≈...≈......#.≈≈≈≈≈
≈≈≈..≈≈≈............
≈≈≈.....≈≈...≈≈≈..#


You could see a kraken, 2 tentacles and a merfolk siren (mesmerising).

Vanquished Creatures
  Saint Roka (Orc:2)
  An Executioner (Abyss:4)
  2 tentacled starspawn (Abyss:4)
  2 cacodemons (Abyss:4)
  Louise (D:15)
  A very ugly thing (Abyss:4)
  5 dire elephants (Lair:6)
  Josephine (Lair:4)
  2 fire dragons
  2 ice dragons (IceCv)
  2 ogre magi
  Erolcha (D:10)
  A deep elf high priest (D:15)
  5 hydras
  A catoblepas (Lair:4)
  3 centaur warriors
  An anaconda (Lair:6)
  2 death knights (D:15)
  8 two-headed ogres
  4 hell hogs (Abyss:4)
  3 thrashing horrors
  4 orc high priests (Orc:2)
  Sonja (Lair:5)
  A deep elf knight (Bailey)
  A sixfirhy (Abyss:4)
  Nergalle (D:11)
  A hell knight (Volcano)
  3 wretched stars (Abyss:4)
  2 unseen horrors
  2 skeletal warriors (D:15)
  2 sea snakes (Shoals:1)
  A flayed ghost (D:15)
  A shadow demon (Abyss:4)
  6 orc knights
  A wolf spider zombie (D:15)
  Pikel (D:6)
  3 ugly things
  6 orc sorcerers
  14 deep elf magi
  11 large abominations (Abyss:4)
  2 fauns (Shoals:1)
  7 slime creatures (D:15)
  6 black mambas
  3 cyclopes
  Joseph (D:7)
  2 centaur zombies
  2 worldbinders
  2 merfolk sirens (Lair:4)
  4 elephants (Lair:6)
  2 ice statues (IceCv)
  2 apocalypse crabs (Abyss:4)
  3 naga magi (D:15)
  3 smoke demons
  A torpor snail (Lair:4)
  5 spiny frogs
  A hellion (Abyss:4)
  2 gargoyles
  2 freezing wraiths (D:15)
  Maggie (D:10)
  5 rime drakes
  A redback zombie (D:15)
  7 komodo dragons
  An efreet (Abyss:4)
  A kobold demonologist (D:14)
  A tengu conjurer (D:14)
  An ancient zyme (Abyss:4)
  A polar bear (Lair:4)
  7 trolls
  3 merfolk
  12 hippogriffs
  A raiju (Abyss:4)
  2 snapping turtles (Shoals:1)
  21 blink frogs
  11 dream sheep
  A redback (D:15)
  12 fire bats
  2 water elementals
  A vampire (D:14)
  A basilisk (Lair:2)
  A hog (shapeshifter) (D:14)
  10 wraiths
  4 wyverns
  Eustachio (D:6)
  46 yaks
  A golden eye (shapeshifter) (D:15)
  2 neqoxecs (Abyss:4)
  2 steam dragons
  4 hungry ghosts
  Edmund (D:6)
  5 wargs
  3 vampire mosquitoes (D:14)
  2 acid dragons
  2 hell hounds (Volcano)
  17 water moccasins
  10 porcupines
  30 orc warriors
  15 ice beasts
  A slave (D:6)
  2 black bears
  5 starcursed masses (Abyss:4)
  17 ogres
  2 phantoms
  3 necrophages
  4 sky beasts
  2 eyes of draining
  38 wolves
  3 centaurs
  4 boggarts (Lair:4)
  18 crocodiles
  3 big kobolds
  12 bullfrogs
  A wyvern zombie (D:11)
  A scorpion (D:14)
  65 killer bees
  6 small abominations
  8 wights
  4 howler monkeys
  A vampire bat (D:7)
  3 electric eels
  6 lava snakes (Volcano)
  7 crimson imps
  A hound (D:9)
  2 bullfrog zombies
  19 orc priests
  3 centaur skeletons
  An iron imp (Abyss:4)
  5 jellies
  Crazy Yiuf (D:2)
  2 bullfrog skeletons
  Terence (D:3)
  7 iguanas
  9 worker ants
  32 orc wizards
  A killer bee zombie (D:9)
  A hound skeleton (D:4)
  A worker ant zombie (D:8)
  A gnoll (D:4)
  Robin (D:4)
  17 adders
  2 shadow imps
  An ooze (D:6)
  2 adder skeletons
  8 worms
  2 dart slugs
  7 leopard geckos
  63 orcs
  4 bat skeletons (D:7)
  3 bat zombies (D:7)
  3 giant cockroaches
  11 goblins
  9 hobgoblins
  4 quokkas
  5 ball pythons
  8 bats
  6 frilled lizards
  5 kobolds
  13 rats
  3 plants (Lair:6)
  2 tentacles (Shoals:1)
892 creatures vanquished.

Vanquished Creatures (others)
  An orc wizard (D:8)
  2 orcs (Orc:2)
  44 fungi
  23 plants
  4 starspawn tentacles (Abyss:4)
74 creatures vanquished.

Grand Total: 966 creatures vanquished

Notes
Turn   | Place    | Note
-------+----------+-------------------------------------------
     0 | D:1      | Apogee the Troll Monk began the quest for the Orb.
     0 | D:1      | Reached XP level 1. HP: 22/22 MP: 0/0
   316 | D:1      | Reached XP level 2. HP: 29/29 MP: 1/1
   870 | D:2      | Noticed a crimson imp
   881 | D:2      | Killed a crimson imp
   881 | D:2      | Reached skill level 4 in Unarmed Combat
   881 | D:2      | Reached XP level 3. HP: 31/36 MP: 2/2
   912 | D:2      | Reached XP level 4. HP: 41/44 MP: 3/3
   947 | D:2      | Found a shattered altar of Ashenzari.
  1234 | D:2      | Reached skill level 5 in Unarmed Combat
  1388 | D:2      | Found a runed translucent door.
  1389 | D:2      | Noticed Crazy Yiuf
  1464 | D:2      | Killed Crazy Yiuf
  1464 | D:2      | Reached XP level 5. HP: 36/52 MP: 4/4
  1610 | D:3      | Found a glowing golden altar of the Shining One.
  1653 | D:3      | Noticed Terence
  1666 | D:3      | Killed Terence
  1676 | D:3      | Reached skill level 6 in Unarmed Combat
  2037 | D:4      | Noticed an ogre
  2043 | D:4      | Noticed Robin
  2051 | D:4      | Killed an ogre
  2051 | D:4      | Reached XP level 6. HP: 59/59 MP: 5/5
  2071 | D:4      | Killed Robin
  2081 | D:4      | Reached skill level 7 in Unarmed Combat
  2273 | D:4      | Reached skill level 8 in Unarmed Combat
  2273 | D:4      | Reached XP level 7. HP: 38/67 MP: 6/6
  2403 | D:4      | Found a transporter.
  2405 | D:4      | Found a transporter.
  2405 | D:4      | Noticed Kono's ghost (novice GrFi)
  3043 | D:4      | Found a sacrificial altar of Ru.
  3290 | D:5      | Entered Level 5 of the Dungeon
  3355 | D:5      | Found Ismookhi's Jewellery Emporium.
  3650 | D:5      | Noticed a moth of wrath
  3676 | D:5      | Found a bloodstained altar of Trog.
  3763 | D:5      | Gained mutation: Your mind is acute. (Int +2) [potion of
                  | mutation]
  3763 | D:5      | Gained mutation: You are agile. (Dex +2) [potion of
                  | mutation]
  3763 | D:5      | Gained mutation: Your muscles are strong. (Str +2) [potion
                  | of mutation]
  3763 | D:5      | Gained mutation: You expend magic power (3 MP) to
                  | strengthen your wands. [potion of mutation]
  3825 | D:6      | Found Amie's Jewellery Boutique.
  3830 | D:6      | Found a staircase to the Ecumenical Temple.
  3844 | D:6      | Reached skill level 5 in Fighting
  3851 | Temple   | Entered the Ecumenical Temple
  4030 | Temple   | Became a worshipper of Warmaster Okawaru
  4030 | Temple   | Reached * piety under Okawaru
  4030 | Temple   | Reached ** piety under Okawaru
  4104 | D:6      | Noticed Eustachio
  4111 | D:6      | Reached XP level 8. HP: 78/80 MP: 7/7
  4114 | D:6      | Killed Eustachio
  4216 | D:6      | Noticed Pikel
  4242 | D:6      | Killed Pikel
  4242 | D:6      | Reached *** piety under Okawaru
  4248 | D:6      | Found a radiant altar of Vehumet.
  4251 | D:6      | Found Hovaor's Distillery.
  4331 | D:6      | Noticed Edmund
  4342 | D:6      | Killed Edmund
  4353 | D:6      | Found a hazy altar of Hepliaklqana.
  4367 | D:6      | Found Detofuy's Distillery.
  4372 | D:6      | Bought a potion of degeneration for 11 gold pieces
  4589 | D:6      | Reached XP level 9. HP: 72/88 MP: 8/8
  4686 | D:7      | Found an ancient bone altar of Kikubaaqudgha.
  4971 | D:7      | Noticed Joseph
  4988 | D:7      | Killed Joseph
  4988 | D:7      | Reached **** piety under Okawaru
  5669 | D:8      | Found a shimmering blue altar of Sif Muna.
  5857 | D:8      | Reached ***** piety under Okawaru
  5892 | D:8      | Reached XP level 10. HP: 96/96 MP: 9/9
  5906 | D:8      | Reached skill level 10 in Dodging
  6126 | D:8      | Received a gift from Okawaru
  6179 | D:8      | Found a staircase to the Lair.
  6390 | D:8      | Found a white marble altar of Elyvilon.
  6390 | D:8      | Found a stormy altar of Qazlal.
  6390 | D:8      | Found a snail-covered altar of Cheibriados.
  6390 | D:8      | Found a shimmering altar of Xom.
  6934 | D:9      | Reached skill level 9 in Unarmed Combat
  6934 | D:9      | Noticed a green ugly thing
  6953 | D:9      | Killed a green ugly thing
  6967 | D:9      | Noticed a deep elf mage
  6993 | D:9      | Killed a deep elf mage
  7107 | D:9      | Reached skill level 10 in Unarmed Combat
  7238 | D:9      | Noticed a cyclops
  7250 | D:9      | Killed a cyclops
  7250 | D:9      | Reached XP level 11. HP: 49/102 MP: 0/10
  7498 | D:9      | Reached skill level 11 in Unarmed Combat
  7612 | D:9      | Noticed a two-headed ogre
  7629 | D:9      | Killed a two-headed ogre
  7802 | D:9      | Found a staircase to the Orcish Mines.
  8197 | Orc:1    | Entered Level 1 of the Orcish Mines
  8465 | Orc:2    | Entered Level 2 of the Orcish Mines
  8528 | Orc:2    | Noticed an orc sorcerer
  8528 | Orc:2    | Noticed an orc high priest
  8543 | Orc:1    | Reached skill level 12 in Unarmed Combat
  8658 | Orc:1    | Killed an orc sorcerer
  8891 | Lair:1   | Entered Level 1 of the Lair of Beasts
  9262 | Lair:1   | Received a gift from Okawaru
  9276 | Lair:1   | Reached ****** piety under Okawaru
  9932 | Lair:2   | Found a frozen archway.
  9954 | IceCv    | Entered an ice cave
 10036 | IceCv    | Reached XP level 12. HP: 102/122 MP: 11/11
 10252 | IceCv    | Noticed an ice dragon
 10252 | IceCv    | Noticed an ice dragon
 10267 | IceCv    | Killed an ice dragon
 10271 | IceCv    | Killed an ice dragon
 10271 | IceCv    | Received a gift from Okawaru
 10273 | IceCv    | Found the ring of Robustness {AC+8}
 10385 | IceCv    | Got an ancient platinum ring
 10579 | Lair:2   | Identified the ring "Quar" {rF+ rC+ Str-2 Dex+4 SInv} (You
                  | found it in an ice cave)
 10704 | Lair:2   | Reached skill level 10 in Fighting
 10712 | Lair:2   | Reached skill level 1 in Invocations
 11170 | Lair:2   | Found a staircase to the Snake Pit.
 11387 | Lair:3   | Reached skill level 5 in Invocations
 12314 | D:10     | Entered Level 10 of the Dungeon
 12475 | D:10     | Noticed Erolcha
 12484 | D:10     | Killed Erolcha
 12484 | D:10     | Reached XP level 13. HP: 133/133 MP: 16/16
 12542 | D:10     | Noticed Maggie
 12552 | D:10     | Killed Maggie
 12552 | D:10     | Reached skill level 13 in Unarmed Combat
 13528 | D:11     | Noticed Nergalle
 13537 | D:11     | Killed Nergalle
 13537 | D:11     | Received a gift from Okawaru
 13672 | D:11     | Learned a level 1 spell: Apportation
 13837 | D:12     | Found a flagged portal.
 13846 | Bailey   | Entered a bailey
 13894 | Bailey   | Reached skill level 14 in Unarmed Combat
 14147 | D:12     | Identified a scroll of acquirement
 14148 | D:12     | Got the +2 robe of the Unseen Realm {rN+ Int+4 Dex+8}
 14355 | D:12     | Received a gift from Okawaru
 14533 | D:12     | Noticed a fire dragon
 14974 | D:12     | Killed a fire dragon
 14974 | D:12     | Reached skill level 15 in Unarmed Combat
 15339 | D:13     | Found a gate to the Vaults.
 15819 | D:14     | Found Hafer's Gadget Boutique.
 16177 | D:14     | Reached XP level 14. HP: 119/144 MP: 17/17
 16442 | D:14     | Found a portal to a secret trove of treasure.
 16570 | D:14     | Reached skill level 16 in Unarmed Combat
 17121 | D:15     | Entered Level 15 of the Dungeon
 17126 | D:15     | Noticed Louise
 17134 | D:15     | Cast into level 3 of the Abyss (Louise)
 17232 | Abyss:3  | Received a gift from Okawaru
 17233 | Abyss:3  | Noticed a starcursed mass
 17370 | Abyss:4  | Noticed a starcursed mass
 17424 | Abyss:4  | Noticed a purple very ugly thing
 17425 | Abyss:4  | Noticed a purple very ugly thing
 17512 | Abyss:4  | Killed a purple very ugly thing
 17525 | Abyss:4  | Noticed a starcursed mass
 17541 | Abyss:4  | Noticed a bone dragon
 17742 | Abyss:4  | Noticed a tentacled starspawn
 17749 | Abyss:4  | Killed a tentacled starspawn
 17771 | Abyss:4  | Reached skill level 1 in Translocations
 17784 | Abyss:4  | Reached skill level 1 in Spellcasting
 17789 | Abyss:4  | Noticed a tentacled starspawn
 17799 | Abyss:4  | Killed a tentacled starspawn
 17823 | Abyss:4  | Noticed a cacodemon
 17826 | Abyss:4  | Noticed a cacodemon
 17834 | Abyss:4  | Killed a cacodemon
 17846 | Abyss:4  | Killed a cacodemon
 17896 | Abyss:4  | Received a gift from Okawaru
 17902 | Abyss:4  | Got a distressingly furry tower shield {god gift}
 17903 | Abyss:4  | Identified the +1 tower shield "Zagikaid" {-Cast rCorr
                  | Str+2} (Okawaru gifted it to you on level 4 of the Abyss)
 17917 | Abyss:4  | Noticed a starcursed mass
 18051 | Abyss:4  | Noticed an Executioner
 18055 | Abyss:4  | Killed an Executioner
 18077 | D:15     | Escaped the Abyss
 18087 | D:15     | Killed Louise
 18111 | D:15     | Reached XP level 15. HP: 111/156 MP: 11/19
 18558 | D:15     | Received a gift from Okawaru
 18749 | D:15     | Found a white marble altar of Elyvilon.
 18865 | D:15     | Reached skill level 1 in Shields
 19086 | D:15     | Found a staircase to the Depths.
 19185 | D:15     | Found a snail-covered altar of Cheibriados.
 19185 | D:15     | Found a radiant altar of Vehumet.
 19497 | Lair:4   | Noticed Josephine
 19530 | Lair:4   | Killed Josephine
 19670 | Lair:4   | Reached skill level 5 in Shields
 19866 | Lair:4   | Received a gift from Okawaru
 20438 | Lair:4   | Found a staircase to the Shoals.
 21195 | Lair:5   | Found a staircase to the Slime Pits.
 21208 | Lair:5   | Noticed Sonja
 21229 | Lair:5   | Killed Sonja
 21391 | Lair:5   | Found a white marble altar of Elyvilon.
 22040 | Lair:5   | Received a gift from Okawaru
 22043 | Lair:5   | Got a scorched cloak {god gift}
 22054 | Lair:5   | Identified the +0 cloak of Dice, Bag, and Bottle {rC+ Str+4
                  | SInv} (Okawaru gifted it to you on level 5 of the Lair of
                  | Beasts)
 22309 | Lair:6   | Entered Level 6 of the Lair of Beasts
 22346 | Lair:6   | Found a dark tunnel.
 22354 | Volcano  | Entered a volcano
 22615 | Volcano  | Found a bloodstained altar of Trog.
 22851 | Lair:6   | Reached XP level 16. HP: 126/165 MP: 21/21
 23197 | Lair:6   | Reached skill level 1 in Throwing
 24589 | Orc:2    | Found a staircase to the Elven Halls.
 24724 | Orc:2    | Noticed Saint Roka
 24742 | Orc:2    | Killed Saint Roka
 24742 | Orc:2    | Received a gift from Okawaru
 24746 | Orc:2    | Gained mutation: Scrolls take you a little longer to read.
                  | [a neqoxec]
 24824 | Orc:2    | Reached skill level 10 in Shields
 25025 | Orc:2    | Found Otoel's Antique Armour Emporium.
 25025 | Orc:2    | Found Rakin's Assorted Antiques.
 25026 | Orc:2    | Found Rufanux's Antique Armour Boutique.
 25035 | Orc:2    | Found Kuled's Food Boutique.
 25080 | Orc:2    | Found a runed translucent door.
 25081 | Orc:2    | Noticed Dirian's ghost (journeyman MiFi)
 25408 | Orc:2    | Found Liskugge's Antique Armour Shop.
 25415 | Orc:2    | Bought a ripped robe for 182 gold pieces
 25417 | Orc:2    | Identified the +2 robe of the Realm of Zot {rElec Stlth+}
                  | (You bought it in a shop on level 2 of the Orcish Mines)
 26045 | Shoals:1 | Entered Level 1 of the Shoals
 26212 | Shoals:1 | Noticed a kraken
 26224 | Shoals:1 | HP: 7/165 [tentacle[a kraken] (5)]
 26229 | Shoals:1 | HP: 1/165 [tentacle[a kraken] (7)]
 26231 | Shoals:1 | Mangled by a merfolk siren

Illustrated notes

Levels and vault maps discovered:
D:1:      eino_arrival_water_cross, layout_basic, serial_rivers,
          chequers_serial_rivers_micro_e, chequers_serial_rivers_small_a,
          chequers_serial_rivers_micro_c, chequers_serial_rivers_small_a,
          chequers_serial_rivers_small_3, chequers_serial_rivers_large_b
D:2:      layout_basic, evilmike_ruin_ashenzari, uniq_crazy_yiuf_cottage
D:3:      layout_basic, tso_altar, first_ration, uniq_terence
D:4:      layout_layer_cave, nicolae_ru_the_path_less_chosen,
          gammafunk_ghost_smash, minmay_manual_mail, uniq_robin
D:5:      layout_rooms, tgw_trog, serial_glass, glass_columns_a,
          glass_columns_b, serial_shops, shop, ldierk_geyser, minivault_4
D:6:      layout_basic, kennysheep_mini_moat, lemuel_crystal_altar,
          minmay_temple_entry_glass, serial_shops, kennysheep_little_box, shop,
          shop, uniq_pikel, uniq_edmund, uniq_eustachio
D:7:      layout_layer_cave, kennysheep_vampire_church, uniq_joseph
D:8:      kennysheep_orc_sif_temple, layout_basic,
          grunt_temple_overflow_cloverleaf, due_lair_maze_entry_diamond,
          hangedman_ranch [blue_anna_fruit_fields]
D:9:      hangedman_cross_cluster, layout_irregular_city, minivault_20,
          nicolae_water_bricks
D:10:     layout_cave_pods, serial_park, serial_park_avenue1,
          serial_park_square2, serial_park_gazebo [serial_park_minivault_5x5_4],
          minmay_misc_feat_diagonals, ebering_dispersal_statue_hall,
          uniq_erolcha, uniq_maggie
D:11:     layout_irregular_city, fountainhead, uniq_nergalle
D:12:     dragon1_lemuel, layout_rooms, enter_bailey_2, serial_bayou_ford_a
D:13:     layout_irregular_city, david_vaults_2
D:14:     layout_stronghold, serial_shops, shop, enter_trove_3,
          serial_bayou_pond_b, minmay_tree_intersection
D:15:     grunt_enter_depths_magical_seal, layout_cave_pools, elyvilon_altar_3,
          jmf_multi_god_temple, uniq_louise
Temple:   grunt_temple_mini_profane
Lair:1:   layout_loops_ring, mumra_transporter_accident,
          nicolae_quartered_pool_super, grunt_megastairs_3
Lair:2:   layout_misc_corridors, minmay_snake_entry_six_corridors,
          portal_ice_cave_entry_pillars_1
Lair:3:   layout_chaotic_city, grunt_forest_large_clearings
Lair:4:   wad_woods_minihive, layout_misc_corridors, elwin_shoals_entry_stream,
          kilobyte_rumbling_trees, uniq_josephine
Lair:5:   layout_layer_cave, minmay_slime_entry_oklob_open, basic_altar,
          guppyfry_lair_drakes, uniq_sonja
Lair:6:   due_jungle_book, layout_gridlike, lightli_volcano_entry_magma_tube,
          grunt_megastairs_4
Shoals:1: layout_shoals
Orc:1:    layout_caves
Orc:2:    st_orc_elflike, layout_caves, serial_shops, shop,
          gammafunk_ghost_grave, uniq_saint_roka

Skill      XL: |  1  2  3  4  5  6  7  8  9 10 11 12 13 14 15 16 |
---------------+-------------------------------------------------+-----
Unarmed Combat | 4 5 6 8 10 12 15 16 | 16.6
Fighting       | 3 5 8 10 12 | 12.2
Dodging        | 3 6 9 10 | 10.8
Invocations    | 6 |  6.0
Translocations | 4 |  4.0
Spellcasting   | 3 4 |  4.0
Shields        | 8 10 | 10.8
Throwing       | 4 |  4.2
Stealth        | |  1.0

Action                   |  1- 3 |  4- 6 |  7- 9 | 10-12 | 13-15 | 16-18 || total
-------------------------+-------+-------+-------+-------+-------+-------++-------
Melee: Unarmed           |    66 |   174 |   229 |   738 |  1074 |   360 ||  2641
       Punch             |       |     5 |    14 |    72 |   165 |    53 ||   309
       Dagger            |       |       |       |       |    22 |     8 ||    30
Throw: Stone             |       |     1 |       |    23 |       |       ||    24
       Dart              |       |       |       |     7 |     3 |     5 ||    15
       Large rock        |       |       |       |       |       |     1 ||     1
Invok: Finesse           |       |       |       |     2 |     6 |     1 ||     9
       Heroism           |       |       |       |     2 |     2 |     1 ||     5
Evoke: Wand              |       |       |       |     6 |    17 |     4 ||    27
  Use: Scroll            |     5 |     1 |     1 |    10 |    18 |     5 ||    40
       Potion            |       |       |     6 |     1 |     9 |     3 ||    19
 Stab: Sleeping          |     2 |     5 |     6 |     8 |    10 |     1 ||    32
       Invisible         |       |       |       |       |     1 |       ||     1
       Distracted        |       |       |       |       |     5 |       ||     5
  Eat: Chunk             |    12 |    15 |    33 |    59 |    93 |    35 ||   247
       Ration            |       |       |       |       |     1 |       ||     1
Armor: Robe              |    24 |    56 |    71 |   164 |   278 |    55 ||   648
Dodge: Dodged            |    28 |    94 |   123 |   593 |  1007 |   263 ||  2108
